 Dungeon Crawl Stone Soup version 0.27-a0-1532-gca18f49f40 (webtiles) character file.

Game seed: 13317283577988515450

6545 nyamberluvr69 the Fighter (level 11, -11/83 HPs)
             Began as an Octopode Berserker on July 12, 2021.
             Was an Elder of Trog.
             Mangled by a small abomination (19 damage)
             ... on level 3 of the Abyss.
             The game lasted 00:15:07 (11414 turns).

nyamberluvr69 the Fighter (Octopode Berserker)     Turns: 11414, Time: 00:15:08

Health: -11/83     AC:  1    Str: 22    XL:     11   Next: 1%
Magic:  2/2        EV: 18    Int: 15    God:    Trog [****..]
Gold:   173        SH:  0    Dex: 14    Spells: 10/10 levels left

rFire    + . .     SeeInvis .   k - +6 rapier "Juysin" {vorpal, Int+4}
rCold    . . .     Faith    .   (no shield)
rNeg     . . .     Spirit   .   (helmet restricted)
rPois    +         Reflect  .   (no amulet)
rElec    .         Harm     .   o - +6 ring of strength
rCorr    +         Rampage  .   u - +4 ring of evasion
Will     .....                  v - ring of Finality {rPois rF+ rCorr MP-9}
Stlth    ++........             (no ring)
HPRegen  0.23/turn              (no ring)
MPRegen  0.08/turn              (no ring)
                                (no ring)
                                (no ring)

@: no status effects
A: almost no armour, amphibious, 8 rings, camouflage 1, gelatinous body 1,
(nimble swimmer 1), tentacles
a: Renounce Religion, Berserk, Trog's Hand, Brothers in Arms


You were on level 3 of the Abyss.
You worshipped Trog.
Trog was greatly pleased with you.
You visited 1 branch of the dungeon, and saw 9 of its levels.
You visited the Abyss 1 time.
You also visited: Sewer.

You collected 483 gold pieces.
You spent 310 gold pieces at shops.

Inventory:

Hand Weapons
 k - the +6 rapier "Juysin" (weapon) {vorpal, Int+4}
   (You found it in a sewer)

   It inflicts extra damage upon your enemies.
   Int:       It affects your intelligence (+4).
 r - a +1 short sword of protection
 w - a +1 scimitar
Missiles
 a - 8 curare-tipped darts
 B - 2 throwing nets (quivered)
 C - 4 atropa-tipped darts
Jewellery
 o - a +6 ring of strength (left tentacle)
 u - a +4 ring of evasion (right tentacle)
 v - the ring of Finality (on tentacle) {rPois rF+ rCorr MP-9}
   (You bought it in a shop on level 7 of the Dungeon)

   [ring of poison resistance]

   rF:        It protects you from fire.
   rPois:     It protects you from poison.
   MP:        It affects your magic capacity (-9).
   rCorr:     It protects you from acid and corrosion.
Wands
 l - a wand of charming (9)
 s - a wand of mindburst (24)
 z - a wand of digging (6)
Scrolls
 c - 6 scrolls of identify {unknown}
 d - 3 scrolls of magic mapping {unknown}
 f - a scroll of summoning {unknown}
 h - a scroll of immolation {unknown}
 i - a scroll of noise {unknown}
 j - 2 scrolls of enchant weapon {unknown}
 p - a scroll of teleportation {unknown}
 q - a scroll of torment {unknown}
 t - a scroll of acquirement {unknown}
 y - a scroll of amnesia {unknown}
Potions
 b - a potion of magic {unknown}
 e - 3 potions of lignification {unknown}
 g - 2 potions of curing {unknown}
 m - a potion of brilliance {unknown}
 n - a potion of berserk rage {unknown}
 x - a potion of heal wounds {unknown}
 A - a potion of mutation {unknown}
 D - a potion of flight {unknown}


   Skills:
 + Level 11.3 Fighting
 + Level 10.7(11.3) Short Blades
 - Level 6.1(9.3) Long Blades
 - Level 3.0 Dodging


You had 10 spell levels left.
You didn't know any spells.
Your spell library was empty.

Dungeon Overview and Level Annotations

Branches:
Dungeon (9/15)             Temple (0/1) D:4           Sewer (visited)
   Lair: D:8-11         Orc: D:9-12

Altars:
Hepliaklqana
Kikubaaqudgha
Wu Jian

Shops:
D:7 =


Innate Abilities, Weirdness & Mutations

You cannot wear most types of armour.
You are amphibious.
You can wear up to eight rings at the same time.
Your skin changes colour to match your surroundings (Stealth+).
Your rubbery body absorbs attacks. (AC +1, EV +1)
((You are camouflaged near water. (Stealth+)))
You have tentacles for arms and can constrict up to eight enemies at once.


Message History

The small abomination barely misses you.
You hear a chilling moan.
The small abomination closely misses you.
A tormentor comes into view.
The apocalypse crab breathes chaos at you.
A large abomination comes into view.
The rakshasa weaves an illusion.
Found 24 arrows.
Deactivating autopickup; reactivate with Ctrl-A.
You impale something!!
Reactivating autopickup.
You feel the effects of Trog's Hand fading.
You puncture the small abomination!
The small abomination is moderately damaged.
The small abomination hits you!
Found a corrupted altar of Lugonu.
Your skin stops crawling.
You feel less strong-willed. The small abomination hits you!
The tormentor roars!
A shadow dragon skeleton comes into view.
The tormentor hits you.
You writhe in agony.
The tormentor barely misses you. The small abomination hits you.
The small abomination completely misses you.
The small abomination misses you. The tormentor closely misses you.
The tormentor completely misses you.
The tormentor says, "I know a thousand and one ways to kill you."
The tormentor calls on the powers of darkness!
Your body is wracked with pain!
* * * LOW HITPOINT WARNING * * *
The small abomination hits you!
* * * LOW HITPOINT WARNING * * *
The tormentor calls on the powers of darkness!
Your body is wracked with pain!
* * * LOW HITPOINT WARNING * * *
A small abomination comes into view.
Okay, then.
Unknown command.
Found 7 gold pieces and 2 lumpy sapphire potions.
The small abomination hits you!!
You die...

##......##
##
#.##....#
...
#.####.###
#.
#..#X#..##
. ##...#
#### #
###2####
#. #...#
##
#.##x#.#
#$@#.##
#..#.#.#
#.# x##.!
#. #. .#.
# .. . ..
... . #
#..#. .#.


You could see a tormentor and 2 small abominations.

Vanquished Creatures
  A boulder beetle (D:9)
  A hydra (D:9)
  A two-headed ogre (D:9)
  A cyclops (D:9)
  A cane toad (shapeshifter) (D:9)
  A hornet (D:9)
  Grinder (D:3)
  A wraith (D:9)
  A water moccasin (Sewer)
  A sky beast (D:7)
  A black bear (D:5)
  An orc warrior (D:8)
  A necrophage (D:7)
  4 ogres
  6 centaurs
  A phantom (D:6)
  A gnoll sergeant (D:6)
  3 bullfrogs
  5 scorpions
  5 wights (D:7)
  7 howler monkeys
  A lava snake (D:9)
  A bullfrog zombie (D:5)
  A centaur zombie (D:3)
  3 jellies
  A hound (D:5)
  A gnoll shaman (D:9)
  2 orc priests
  A bullfrog skeleton (D:5)
  3 centaur skeletons
  2 iguanas
  4 orc wizards
  A scorpion zombie (D:5)
  2 killer bee zombies
  2 hound skeletons
  Robin (D:3)
  12 gnolls
  9 adders
  A shadow imp (D:5)
  2 white imps
  A worm (D:2)
  A dart slug (D:1)
  20 orcs
  7 bats
  10 endoplasms
  5 giant cockroaches
  13 goblins
  5 hobgoblins
  8 jackals
  4 kobolds
  3 quokkas
  13 ball pythons
  4 frilled lizards
  4 rats
193 creatures vanquished.

Vanquished Creatures (others)
  5 plants (D:2)
5 creatures vanquished.

Grand Total: 198 creatures vanquished

Notes
Turn   | Place    | Note
-------+----------+-------------------------------------------
     0 | D:1      | nyamberluvr69 the Octopode Berserker began the quest for
                  | the Orb.
     0 | D:1      | Reached XP level 1. HP: 16/16 MP: 1/1
   129 | D:1      | Reached XP level 2. HP: 21/21 MP: 2/2
   251 | D:1      | Reached XP level 3. HP: 9/26 MP: 3/3
  1084 | D:2      | Found a faded altar of an unknown god.
  1175 | D:2      | Reached ** piety under Trog
  1662 | D:2      | Reached skill level 4 in Fighting
  1665 | D:2      | Reached XP level 4. HP: 33/33 MP: 4/4
  2058 | D:3      | Noticed Grinder
  2066 | D:3      | Killed Grinder
  2067 | D:3      | Reached skill level 5 in Fighting
  2067 | D:3      | Reached skill level 5 in Long Blades
  2067 | D:3      | Reached XP level 5. HP: 11/39 MP: 5/5
  2067 | D:3      | Reached XP level 6. HP: 13/45 MP: 6/6
  2660 | D:3      | Noticed Robin
  2672 | D:3      | Killed Robin
  2856 | D:3      | You fall into a shaft and drop 1 floor!
  2931 | D:4      | Found a staircase to the Ecumenical Temple.
  2968 | D:4      | Found a glowing drain.
  2981 | D:4      | Reached XP level 7. HP: 50/50 MP: 7/7
  3002 | Sewer    | Entered a sewer
  3007 | Sewer    | Reached *** piety under Trog
  3104 | Sewer    | Reached skill level 6 in Fighting
  3130 | Sewer    | Identified the +6 rapier "Juysin" {vorpal, Int+4}
  3375 | D:4      | Found a hazy altar of Hepliaklqana.
  3375 | D:4      | Found an ornate altar of the Wu Jian Council.
  3659 | D:4      | Reached skill level 1 in Short Blades
  3829 | D:5      | Entered Level 5 of the Dungeon
  4548 | D:4      | Reached XP level 8. HP: 19/58 MP: 8/8
  4973 | D:4      | Reached skill level 7 in Fighting
  5187 | D:5      | Reached skill level 5 in Short Blades
  6667 | D:6      | Reached XP level 9. HP: 50/66 MP: 9/9
  6922 | D:6      | Found an ancient bone altar of Kikubaaqudgha.
  7268 | D:7      | Reached skill level 8 in Fighting
  7352 | D:7      | Found Sukhep's Jewellery Shop.
  7465 | D:7      | Bought the ring of Finality {rPois rF+ rCorr MP-9} for 310
                  | gold pieces
  8385 | D:7      | Reached **** piety under Trog
  8463 | D:7      | Reached skill level 9 in Fighting
  9951 | D:9      | Reached XP level 10. HP: 31/74 MP: 1/10
 10403 | D:9      | Reached skill level 10 in Fighting
 10546 | D:9      | Noticed a cane toad
 10546 | D:9      | Noticed a cyclops
 10564 | D:9      | Killed a cyclops
 10569 | D:9      | Killed a cane toad
 10613 | D:9      | Noticed a wizard
 10613 | D:9      | Noticed an eight-headed hydra
 10816 | D:9      | Noticed a two-headed ogre
 10818 | D:9      | Noticed a boulder beetle
 10937 | D:9      | Noticed an orc knight
 10997 | D:9      | Killed a boulder beetle
 10998 | D:9      | Reached skill level 10 in Short Blades
 11009 | D:9      | Killed a two-headed ogre
 11010 | D:9      | Reached skill level 11 in Fighting
 11306 | D:9      | Killed an eight-headed hydra
 11307 | D:9      | Reached XP level 11. HP: 23/83 MP: 2/11
 11310 | D:9      | Cast into level 3 of the Abyss (a wizard)
 11356 | Abyss:3  | Noticed a rakshasa
 11401 | Abyss:3  | Found a corrupted altar of Lugonu.
 11414 | Abyss:3  | Mangled by a small abomination

Illustrated notes

Levels and vault maps discovered:
D:1:      eino_arrival_tree_alley, layout_rooms, corexii_corridor_pit,
          lemuel_another_geyser
D:2:      layout_basic, basic_ecumenical_altar, serial_bayou,
          serial_bayou_pond_d, serial_bayou_ford_a, serial_bayou_crossing,
          serial_bayou_pond_b
D:3:      layout_basic, chequers_serial_rivers_micro_a, grunt_ministairs_4,
          uniq_grinder, uniq_robin
D:4:      layout_rooms, jmf_multi_god_temple, temple_green, portal_sewer_entry_b
D:5:      layout_rooms, minmay_misc_feat_nine_boxes, minivault_19
D:6:      layout_loops_corners, mainiacjoe_overflow_six_doors_small
D:7:      layout_loops_ring, serial_shops, nicolae_stop_n_shop_1,
          minmay_stone_trees_large
D:8:      layout_basic
D:9:      minmay_sliced_demisemicircle, layout_basic, kennysheep_island_fort
Abyss:3:  base: D:3, grunt_abyss_rune_forest_and_sorcery, evilmike_abyss_exit_10

Skill      XL: |  1  2  3  4  5  6  7  8  9 10 |
---------------+-------------------------------+-----
Fighting       | 4 5 6 7 9 11 | 11.3
Long Blades    | 5 6 |  6.1
Short Blades   | 3 6 8 10 | 10.7
Dodging        | |  3.0

Action                   |  1- 3 |  4- 6 |  7- 9 | 10-12 || total
-------------------------+-------+-------+-------+-------++-------
Melee: Falchion          |    62 |    75 |     9 |       ||   146
       Constrict         |    20 |    20 |    41 |     5 ||    86
       Tentacles         |    14 |    14 |    41 |    16 ||    85
       Rapier            |       |       |   180 |    61 ||   241
Throw: Dart              |       |       |       |     2 ||     2
       Throwing net      |       |       |       |     2 ||     2
Invok: Berserk           |     1 |     4 |     8 |     5 ||    18
       Trog's Hand       |       |     2 |     2 |     3 ||     7
 Stab: Sleeping          |     3 |     3 |     9 |     1 ||    16
       Distracted        |       |       |     1 |       ||     1
       Held in net/web   |       |       |       |     2 ||     2
Armor: Skin              |     2 |     4 |     6 |     1 ||    13
Dodge: Dodged            |    29 |    31 |   118 |    73 ||   251
       Rpst.: Falchion   |     6 |    12 |     5 |       ||    23

Table legend: (Time is in decaauts)
 A = Elapsed time spent in this place.
 B = Non-inter-level travel time spent in this place.
 C = Inter-level travel time spent in this place.
 D = Time resting spent in this place.
 E = Time spent auto-exploring this place.
 F = Levels seen in this place.
 G = Mean time per level.
                   A        B        C        D        E       F      G
               +--------+--------+--------+--------+--------+-----+--------+
         Total |  11561 |  11284 |    277 |   3572 |   6168 |  11 | 1051.0 |
       Dungeon |  11081 |  10804 |    277 |   3498 |   5885 |   9 | 1231.2 |
         Abyss |    109 |    109 |      0 |     44 |      0 |   1 |  109.0 |
         Sewer |    369 |    369 |      0 |     29 |    282 |   1 |  369.0 |
               +--------+--------+--------+--------+--------+-----+--------+

Top non-repeatable levels by time:
     D:9: 1647 daAuts
     D:3: 1425 daAuts
     D:7: 1377 daAuts
     D:6: 1294 daAuts
     D:4: 1191 daAuts
     D:1: 1089 daAuts
     D:5: 1063 daAuts
     D:8: 1050 daAuts
     D:2: 941 daAuts
   Sewer: 369 daAuts
 Abyss:3: 109 daAuts
